Lightning vs Predators
Created - 16 novembre 2016 at 18:58
Goals
|
Lightning |
0 |
1 |
3 |
1 |
5 |
Predators |
1 |
1 |
2 |
0 |
4 |
|
Shots
|
Lightning |
13 |
10 |
13 |
2 |
38 |
Predators |
9 |
10 |
12 |
0 |
31 |
|
1st period
1. Predators , John Moore 1 (Michael Grabner, Frans Nielsen) at 4:41 (PP)
Penalties :
Daniel Carcillo (TB.) for Hooking (Minor) at 4:07, Frans Nielsen (Nas) for Roughing (Minor) at 10:31
2nd period
2. Predators , Alexander Ovechkin 8 (Frans Nielsen, Ryan Mcdonagh) at 4:39
3. Lightning , Robert Nilsson 6 (Henrik Zetterberg) at 13:27
Penalties :
Robert Nilsson (TB.) for Interference (Minor) at 4:54, Daniel Carcillo (TB.) for Hooking (Minor) at 9:22, Adam Burish (Nas) for Hooking (Minor) at 16:19
3rd period
4. Predators , Kris Vernarsky 5 (Ryan Mcdonagh, Christian Ehrhoff) at 3:05
5. Predators , Alexander Ovechkin 9 (Frans Nielsen) at 6:03
6. Lightning , Steve Bernier 2 (Logan Couture, Victor Hedman) at 8:30
7. Lightning , Logan Couture 4 (Kris Versteeg, Chris Higgins) at 8:44
8. Lightning , Chris Higgins 2 (Kris Versteeg, Brent Burns) at 12:40
Penalties :
Frans Nielsen (Nas) for Hooking (Minor) at 6:19, Adam Burish (Nas) for High sticking (Minor) at 17:53
Overtime #1
9. Lightning , Kris Versteeg 7 (Robert Nilsson) at 0:26
Penalties :
No Penalty
Goalie Stats
Tyler Weiman (TB.), 27 saves from 31 shots - (0,871), W, 5-4-1, 60:26 minutes
Maxime Daigneault (Nas), 33 saves from 38 shots - (0,868), OTL, 4-3-1, 60:26 minutes
Players Stats for Lightning
Player Name G A P +/- PIM S H SB GA TA FO MP PP MP PK MP
------------------------------------------------------------------------------------
Andy Rogers 0 0 0 1 0 0 1 2 0 1 0/0 18:04 0:11 2:55
Brent Burns 0 1 1 1 0 1 1 1 0 0 0/0 29:23 5:28 1:37
Chris Higgins 1 1 2 2 0 5 0 0 1 0 0/0 17:58 3:20 0:51
Daniel Carcillo 0 0 0 -1 4 4 0 0 0 0 0/1 11:07 0:00 0:05
Darroll Powe 0 0 0 0 0 2 0 2 0 0 0/3 8:09 0:00 1:28
Henrik Zetterberg 0 1 1 -1 0 2 1 0 1 1 1/2 20:33 4:28 0:00
Jeff Schultz 0 0 0 2 0 1 1 1 0 0 0/0 23:04 0:00 2:55
John Carlson 0 0 0 0 0 1 2 1 2 0 0/0 21:46 5:05 0:00
Kris Versteeg 1 2 3 3 0 7 0 0 0 0 1/1 18:13 4:28 0:00
Logan Couture 1 1 2 3 0 2 3 1 0 1 7/21 16:54 0:35 2:48
Pierre-Luc Létourneau 0 0 0 0 0 0 0 0 0 0 0/0 6:41 0:00 0:00
Pierre-Marc Bouchard 0 0 0 -1 0 0 1 0 0 0 3/9 13:56 2:53 0:05
Robert Nilsson 1 1 2 0 2 6 2 0 0 0 16/29 21:33 4:28 0:14
Sheldon Keefe 0 0 0 1 0 0 0 1 0 0 1/1 9:37 0:08 2:36
Steve Bernier 1 0 1 0 0 1 0 0 1 0 0/0 11:03 0:08 0:00
Victor Hedman 0 1 1 0 0 1 0 0 0 0 0/0 13:44 2:51 0:00
Wayne Simmonds 0 0 0 -1 0 3 1 0 0 0 1/2 20:33 3:20 0:57
Wes O'Neill 0 0 0 0 0 2 1 0 0 0 0/0 14:51 2:17 1:37
Players Stats for Predators
Player Name G A P +/- PIM S H SB GA TA FO MP PP MP PK MP
------------------------------------------------------------------------------------
Adam Burish 0 0 0 -2 4 1 2 0 0 0 1/1 18:29 2:41 1:10
Alexander Edler 0 0 0 -3 0 2 0 0 0 0 0/0 23:09 1:38 4:32
Alexander Ovechkin 2 0 2 0 0 5 2 0 0 0 4/10 24:10 2:41 4:41
Alexander Steen 0 0 0 -2 0 2 2 0 0 0 0/0 16:59 1:51 1:24
Andy Miele 0 0 0 0 0 0 1 0 0 0 1/1 6:35 0:00 0:00
Barret Jackman 0 0 0 0 0 2 1 0 0 0 0/0 10:28 0:00 0:00
Brett Clark 0 0 0 -1 0 0 0 4 0 0 0/0 14:10 0:00 3:24
Christian Ehrhoff 0 1 1 2 0 1 1 1 0 1 0/0 23:07 2:54 0:00
David Jones 0 0 0 0 0 0 1 0 0 0 0/0 12:17 0:00 2:06
Eric Nystrom 0 0 0 0 0 0 0 0 0 0 2/2 14:50 0:00 4:45
Frans Nielsen 0 3 3 0 4 5 5 0 0 0 16/26 19:49 1:51 0:54
James Van Riemsdyk 0 0 0 0 0 3 1 0 0 0 0/0 6:56 0:00 0:01
John Moore 1 0 1 -3 0 2 1 1 0 1 0/0 20:13 1:38 3:24
Kris Vernarsky 1 0 1 0 0 1 0 1 0 0 3/8 10:55 0:00 0:51
Michael Grabner 0 1 1 1 0 2 0 0 0 0 0/2 18:18 1:51 0:00
Ryan Kesler 0 0 0 -2 0 4 2 0 0 0 12/19 16:59 2:41 0:00
Ryan Mcdonagh 0 2 2 1 0 1 3 0 3 3 0/0 29:45 2:54 4:32
Shane Doan 0 0 0 0 0 0 0 0 0 0 0/0 6:35 0:00 0:00
3 Stars
1 - Kris Versteeg (TB.)
2 - Logan Couture (TB.)
3 - Alexander Ovechkin (Nas)
Power Play
Lightning - 0 on 4 Attempt(s) - 0,00%
Predators - 1 on 3 Attempt(s) - 33,33%
Penalty Kill
Lightning - 2 on 3 Attempt(s) - 66,67%
- Score 0 goal in Penalty Kill
Predators - 4 on 4 Attempt(s) - 100,00%
- Score 0 goal in Penalty Kill
Team Stat
Lightning - Hits : 14 - Faceoff Wins : 30 - Blocked Shots : 9 - Penalty Minutes : 6
Predators - Hits : 22 - Faceoff Wins : 39 - Blocked Shots : 7 - Penalty Minutes : 8
Official
Referees : McCreary Bill and Joannette Marc
Linesman : Derek Amell and Tony Sericolo
Game Notes
No Game Note
Finance
Level 1 -- Attendance: 5603 (93,38%) -- Ticket Income 476 255 $
Level 2 -- Attendance: 4822 (96,44%) -- Ticket Income 241 100 $
Level 3 -- Attendance: 2000 (100,00%) -- Ticket Income 60 000 $
Level 4 -- Attendance: 2997 (74,93%) -- Ticket Income 71 928 $
Luxury Box -- Attendance: 749 (74,90%) -- Ticket Income 131 075 $
Game was played at the Wildcat center.
Total Attendance: 16171 (89,84%)
Total Ticket Income: 980 358 $
Other Income: 147 054 $
Total Income: 1 127 412 $
Lightning
5 vs 5 Forward
Center Left Wing Right Wing Time % Phy DF OF
1 Robert Nilsson Henrik Zetterberg Wayne Simmonds 40 1 2 2
2 Logan Couture Chris Higgins Kris Versteeg 30 1 2 2
3 Pierre-Marc Bouchard Daniel Carcillo Steve Bernier 20 1 2 2
4 Darroll Powe Pierre-Luc Létourneau Sheldon Keefe 10 1 2 2
5 vs 5 Defense
Defense Defense Time % Phy DF OF
1 Brent Burns Jeff Schultz 40 1 2 2
2 John Carlson Andy Rogers 30 1 2 2
3 Wes O'Neill Victor Hedman 20 1 2 2
4 Brent Burns John Carlson 10 1 2 2
PowerPlay Forward
Center Left Wing Right Wing Time % Phy DF OF
1 Robert Nilsson Henrik Zetterberg Kris Versteeg 60 1 2 2
2 Pierre-Marc Bouchard Chris Higgins Wayne Simmonds 40 1 2 2
PowerPlay Defense
Defense Defense Time % Phy DF OF
1 Brent Burns John Carlson 60 1 2 2
2 Victor Hedman Brent Burns 40 1 2 2
Penalty Kill 4 Players Forward
Center Wing Time % Phy DF OF
1 Logan Couture Sheldon Keefe 60 1 2 2
2 Darroll Powe Wayne Simmonds 40 1 2 2
Penalty Kill 4 Players Defense
Defense Defense Time % Phy DF OF
1 Andy Rogers Jeff Schultz 60 1 2 2
2 Brent Burns Wes O'Neill 40 1 2 2
Penalty Kill - 3 Players Forward
Forward Time % Phy DF OF
1 Wayne Simmonds 60 1 2 2
2 Logan Couture 40 1 2 2
Penalty Kill - 3 Players Defense
Defense Defense Time % Phy DF OF
1 Brent Burns Jeff Schultz 60 1 2 2
2 John Carlson Andy Rogers 40 1 2 2
4 vs 4 Forward
Center Wing Time % Phy DF OF
1 Robert Nilsson Kris Versteeg 60 1 2 2
2 Pierre-Marc Bouchard Henrik Zetterberg 40 1 2 2
4 vs 4 Defense
Defense Defense Time % Phy DF OF
1 Brent Burns Jeff Schultz 60 1 2 2
2 John Carlson Andy Rogers 40 1 2 2
Last Minutes Offensive
Center Left Wing Right Wing Defense Defense
Robert Nilsson Henrik Zetterberg Kris Versteeg Brent Burns John Carlson
Last Minutes Defensive
Center Left Wing Right Wing Defense Defense
Robert Nilsson Henrik Zetterberg Wayne Simmonds Andy Rogers Jeff Schultz
Goaltenders
Starting : Tyler Weiman
Backup : Erik Ersberg
Extra Forwards
Normal : Logan Couture, Daniel Carcillo, Sheldon Keefe - PP : Logan Couture, Steve Bernier - PK : Robert Nilsson
Extra Defensemen
Normal : Wes O'Neill, Victor Hedman, John Carlson - PP : Wes O'Neill - PK : Victor Hedman, John Carlson
Penalty Shots
Henrik Zetterberg, Robert Nilsson, Logan Couture, Chris Higgins, Daniel Carcillo
Predators
5 vs 5 Forward
Center Left Wing Right Wing Time % Phy DF OF
1 Frans Nielsen Alexander Ovechkin Michael Grabner 39 2 1 2
2 Ryan Kesler Alexander Steen Adam Burish 29 2 1 2
3 Kris Vernarsky Eric Nystrom David Jones 20 1 2 2
4 Andy Miele James Van Riemsdyk Shane Doan 12 1 2 2
5 vs 5 Defense
Defense Defense Time % Phy DF OF
1 Christian Ehrhoff Ryan Mcdonagh 40 2 1 2
2 Alexander Edler John Moore 30 1 2 2
3 Barret Jackman Brett Clark 20 1 2 2
4 Alexander Edler Ryan Mcdonagh 10 1 2 2
PowerPlay Forward
Center Left Wing Right Wing Time % Phy DF OF
1 Ryan Kesler Alexander Ovechkin Adam Burish 60 2 1 2
2 Frans Nielsen Alexander Steen Michael Grabner 40 1 1 3
PowerPlay Defense
Defense Defense Time % Phy DF OF
1 Christian Ehrhoff Ryan Mcdonagh 60 1 1 3
2 Alexander Edler John Moore 40 1 1 3
Penalty Kill 4 Players Forward
Center Wing Time % Phy DF OF
1 Alexander Ovechkin Eric Nystrom 60 1 2 2
2 Frans Nielsen Adam Burish 40 1 2 2
Penalty Kill 4 Players Defense
Defense Defense Time % Phy DF OF
1 Alexander Edler Ryan Mcdonagh 60 2 2 1
2 John Moore Brett Clark 40 1 3 1
Penalty Kill - 3 Players Forward
Forward Time % Phy DF OF
1 Eric Nystrom 60 1 3 1
2 Frans Nielsen 40 1 3 1
Penalty Kill - 3 Players Defense
Defense Defense Time % Phy DF OF
1 Alexander Edler Ryan Mcdonagh 60 2 3 0
2 John Moore Brett Clark 40 1 3 1
4 vs 4 Forward
Center Wing Time % Phy DF OF
1 Ryan Kesler Adam Burish 60 1 2 2
2 Frans Nielsen Alexander Ovechkin 40 1 2 2
4 vs 4 Defense
Defense Defense Time % Phy DF OF
1 Alexander Edler Ryan Mcdonagh 60 1 2 2
2 Christian Ehrhoff Brett Clark 40 1 2 2
Last Minutes Offensive
Center Left Wing Right Wing Defense Defense
Ryan Kesler Alexander Ovechkin Michael Grabner Alexander Edler Ryan Mcdonagh
Last Minutes Defensive
Center Left Wing Right Wing Defense Defense
Kris Vernarsky Eric Nystrom Frans Nielsen Ryan Mcdonagh Brett Clark
Goaltenders
Starting : Maxime Daigneault
Backup : Steve Mason
Extra Forwards
Normal : Ryan Kesler, Kris Vernarsky, David Jones - PP : Adam Burish, Kris Vernarsky - PK : David Jones
Extra Defensemen
Normal : Barret Jackman, John Moore, Brett Clark - PP : Barret Jackman - PK : John Moore, Brett Clark
Penalty Shots
Alexander Ovechkin, Michael Grabner, Ryan Kesler, Shane Doan, David Jones
% Time on Ice - Lightning
Lines # - Real PCT - Wanted PCT - Time Play
Normal Forward
1 - 35% - 40% - 16:38
2 - 28% - 30% - 13:30
3 - 23% - 20% - 10:43
4 - 14% - 10% - 6:41
Normal Defense
1 - 42% - 40% - 20:12
2 - 31% - 30% - 14:37
3 - 22% - 20% - 10:35
4 - 4% - 10% - 2:08
PP Forward
1 - 58% - 60% - 4:36
2 - 42% - 40% - 3:20
PP Defense
1 - 64% - 60% - 5:05
2 - 36% - 40% - 2:51
PK Forward
1 - 79% - 60% - 3:35
2 - 21% - 40% - 0:57
PK Defense
1 - 64% - 60% - 2:55
2 - 36% - 40% - 1:37
PK3 Forward
1 - 0% - 60%
2 - 0% - 40%
PK3 Defense
1 - 0% - 60%
2 - 0% - 40%
44 Forward
1 - 100% - 60% - 0:26
2 - 0% - 40% - 0:00
44 Defense
1 - 100% - 60% - 0:26
2 - 0% - 40% - 0:00
Last Minute Offensive - 0:00
Last Minute Defensive - 0:00
Total
Forward - 60:26
Defense - 60:26
|
% Time on Ice - Predators
Lines # - Real PCT - Wanted PCT - Time Play
Normal Forward
1 - 36% - 39% - 17:14
2 - 29% - 29% - 13:39
3 - 21% - 20% - 10:04
4 - 14% - 12% - 6:35
Normal Defense
1 - 43% - 40% - 20:27
2 - 32% - 30% - 15:11
3 - 21% - 20% - 9:57
4 - 4% - 10% - 1:57
PP Forward
1 - 59% - 60% - 2:41
2 - 41% - 40% - 1:51
PP Defense
1 - 64% - 60% - 2:54
2 - 36% - 40% - 1:38
PK Forward
1 - 75% - 60% - 5:59
2 - 25% - 40% - 1:57
PK Defense
1 - 57% - 60% - 4:32
2 - 43% - 40% - 3:24
PK3 Forward
1 - 0% - 60%
2 - 0% - 40%
PK3 Defense
1 - 0% - 60%
2 - 0% - 40%
44 Forward
1 - 100% - 60% - 0:26
2 - 0% - 40% - 0:00
44 Defense
1 - 100% - 60% - 0:26
2 - 0% - 40% - 0:00
Last Minute Offensive - 0:00
Last Minute Defensive - 0:00
Total
Forward - 60:26
Defense - 60:26
|
Play by Play
1st period
0:01 of 1st period - Frans Nielsen wins face-off versus Robert Nilsson in neutral zone.
0:06 of 1st period - Snap shot by Alexander Ovechkin.
0:06 of 1st period - Deflect By Frans Nielsen.
0:06 of 1st period - Stopped by Tyler Weiman without a rebound.
0:07 of 1st period - Robert Nilsson wins face-off versus Frans Nielsen in Lightning zone.
0:18 of 1st period - Slapshot by Robert Nilsson.
0:18 of 1st period - Stopped by Maxime Daigneault with a rebound.
0:24 of 1st period - Henrik Zetterberg is hit by Ryan Mcdonagh and loses puck.
0:29 of 1st period - Slapshot by Alexander Ovechkin.
0:29 of 1st period - Shot Misses the Net.
0:55 of 1st period - Wrist shot by Frans Nielsen.
0:55 of 1st period - Stopped by Tyler Weiman without a rebound.
0:56 of 1st period - Ryan Kesler wins face-off versus Logan Couture in Lightning zone.
2:18 of 1st period - Slapshot by Kris Versteeg.
2:18 of 1st period - Stopped by Maxime Daigneault with a rebound.
3:14 of 1st period - Icing by Jeff Schultz.
3:15 of 1st period - Andy Miele wins face-off versus Darroll Powe in Lightning zone.
3:18 of 1st period - Slapshot by James Van Riemsdyk.
3:18 of 1st period - Stopped by Tyler Weiman without a rebound.
3:19 of 1st period - Ryan Kesler wins face-off versus Logan Couture in Lightning zone.
3:30 of 1st period - John Carlson is hit by Ryan Mcdonagh and loses puck.
3:45 of 1st period - Robert Nilsson is hit by Frans Nielsen and loses puck.
4:07 of 1st period - Minor Penalty to Daniel Carcillo for Hooking.
4:08 of 1st period - Alexander Ovechkin wins face-off versus Logan Couture in Lightning zone.
4:35 of 1st period - Snap shot by Frans Nielsen.
4:35 of 1st period - Shot Misses the Net.
4:37 of 1st period - Wrist shot by Michael Grabner.
4:37 of 1st period - Stopped by Tyler Weiman with a rebound.
4:39 of 1st period - Snap shot by Michael Grabner.
4:39 of 1st period - Shot Misses the Net.
4:41 of 1st period - Snap shot by John Moore.
4:41 of 1st period - Goal by John Moore - Lightning : 0 - Predators : 1.
4:42 of 1st period - Frans Nielsen wins face-off versus Logan Couture in neutral zone.
5:21 of 1st period - Wrist shot by Wayne Simmonds.
5:21 of 1st period - Stopped by Maxime Daigneault with a rebound.
5:35 of 1st period - Snap shot by Daniel Carcillo.
5:35 of 1st period - Stopped by Maxime Daigneault without a rebound.
5:36 of 1st period - Kris Vernarsky wins face-off versus Pierre-Marc Bouchard in Predators zone.
5:41 of 1st period - Slapshot by Alexander Edler.
5:41 of 1st period - Deflect By Eric Nystrom.
5:41 of 1st period - Shot Misses the Net.
5:41 of 1st period - Puck is out of play.
5:42 of 1st period - Frans Nielsen wins face-off versus Robert Nilsson in Lightning zone.
6:29 of 1st period - Off-side.
6:30 of 1st period - Ryan Kesler wins face-off versus Pierre-Marc Bouchard in neutral zone.
7:21 of 1st period - Slapshot by Victor Hedman.
7:21 of 1st period - Deflect By Alexander Edler.
7:21 of 1st period - Stopped by Maxime Daigneault without a rebound.
7:22 of 1st period - Kris Vernarsky wins face-off versus Logan Couture in Predators zone.
7:35 of 1st period - Victor Hedman is hit by David Jones and loses puck.
7:44 of 1st period - Wrist shot by Chris Higgins.
7:44 of 1st period - Stopped by Maxime Daigneault with a rebound.
7:46 of 1st period - Slapshot by Chris Higgins.
7:46 of 1st period - Shot Misses the Net.
7:48 of 1st period - Backhand shot by Wes O'Neill.
7:48 of 1st period - Stopped by Maxime Daigneault with a rebound.
7:50 of 1st period - Snap shot by Wes O'Neill.
7:50 of 1st period - Stopped by Maxime Daigneault with a rebound.
8:17 of 1st period - Icing by Ryan Mcdonagh.
8:18 of 1st period - Robert Nilsson wins face-off versus Kris Vernarsky in Predators zone.
8:55 of 1st period - Wrist shot by Michael Grabner.
8:55 of 1st period - Shot Blocked by Darroll Powe.
9:29 of 1st period - Ryan Kesler is hit by John Carlson and loses puck.
10:01 of 1st period - Icing by Daniel Carcillo.
10:02 of 1st period - Frans Nielsen wins face-off versus Daniel Carcillo in Lightning zone.
10:16 of 1st period - Slapshot by Pierre-Marc Bouchard.
10:16 of 1st period - Deflect By Daniel Carcillo.
10:16 of 1st period - Stopped by Maxime Daigneault with a rebound.
10:31 of 1st period - Minor Penalty to Frans Nielsen for Roughing.
10:32 of 1st period - Robert Nilsson wins face-off versus Alexander Ovechkin in Predators zone.
11:43 of 1st period - Robert Nilsson is hit by John Moore and loses puck.
12:31 of 1st period - Penalty to Frans Nielsen is over, Frans Nielsen is back on ice.
12:43 of 1st period - Sheldon Keefe is hit by Ryan Mcdonagh and loses puck.
12:52 of 1st period - Wrist shot by Shane Doan.
12:52 of 1st period - Deflect By John Carlson.
12:52 of 1st period - Shot Misses the Net.
12:52 of 1st period - Puck is out of play.
12:53 of 1st period - Ryan Kesler wins face-off versus Darroll Powe in Lightning zone.
12:58 of 1st period - Snap shot by Ryan Kesler.
12:58 of 1st period - Stopped by Tyler Weiman with a rebound.
13:18 of 1st period - Snap shot by Frans Nielsen.
13:18 of 1st period - Stopped by Tyler Weiman without a rebound.
13:19 of 1st period - Frans Nielsen wins face-off versus Logan Couture in Lightning zone.
15:09 of 1st period - Kris Versteeg is hit by Ryan Kesler and loses puck.
15:50 of 1st period - Snap shot by Daniel Carcillo.
15:50 of 1st period - Stopped by Maxime Daigneault with a rebound.
16:38 of 1st period - Slapshot by Robert Nilsson.
16:38 of 1st period - Shot Blocked by Christian Ehrhoff.
16:40 of 1st period - Slapshot by Brent Burns.
16:40 of 1st period - Stopped by Maxime Daigneault with a rebound.
16:42 of 1st period - Wrist shot by Robert Nilsson.
16:42 of 1st period - Stopped by Maxime Daigneault with a rebound.
16:59 of 1st period - Off-side.
17:00 of 1st period - Robert Nilsson wins face-off versus Kris Vernarsky in neutral zone.
17:03 of 1st period - Barret Jackman is hit by Wes O'Neill and loses puck.
17:26 of 1st period - Wes O'Neill is hit by Barret Jackman and loses puck.
18:08 of 1st period - Brent Burns is hit by Ryan Kesler and loses puck.
19:17 of 1st period - Wrist shot by James Van Riemsdyk.
19:17 of 1st period - Stopped by Tyler Weiman with a rebound.
19:19 of 1st period - Wrist shot by John Moore.
19:19 of 1st period - Stopped by Tyler Weiman without a rebound.
19:20 of 1st period - Henrik Zetterberg wins face-off versus Ryan Kesler in Lightning zone.
19:35 of 1st period - Wrist shot by Henrik Zetterberg.
19:35 of 1st period - Stopped by Maxime Daigneault without a rebound.
19:36 of 1st period - Logan Couture wins face-off versus Michael Grabner in Predators zone.
19:44 of 1st period - Off-side.
19:45 of 1st period - Logan Couture wins face-off versus Frans Nielsen in neutral zone.
19:45 of 1st period - Kris Versteeg is hit by Frans Nielsen and loses puck.
Goals for this period are 0 for Lightning vs 1 for Predators.
Shots for this period are 13 for Lightning vs 9 for Predators.
2nd period
0:01 of 2nd period - Robert Nilsson wins face-off versus Frans Nielsen in neutral zone.
0:12 of 2nd period - Slapshot by Henrik Zetterberg.
0:12 of 2nd period - Stopped by Maxime Daigneault without a rebound.
0:13 of 2nd period - Robert Nilsson wins face-off versus Frans Nielsen in Predators zone.
0:40 of 2nd period - Kris Versteeg is hit by Adam Burish and loses puck.
1:07 of 2nd period - Darroll Powe is hit by James Van Riemsdyk and loses puck.
1:14 of 2nd period - Slapshot by James Van Riemsdyk.
1:14 of 2nd period - Stopped by Tyler Weiman with a rebound.
1:41 of 2nd period - Icing by Victor Hedman.
1:42 of 2nd period - Frans Nielsen wins face-off versus Robert Nilsson in Lightning zone.
1:58 of 2nd period - Off-side.
1:59 of 2nd period - Logan Couture wins face-off versus Ryan Kesler in neutral zone.
2:02 of 2nd period - Slapshot by Kris Versteeg.
2:02 of 2nd period - Stopped by Maxime Daigneault without a rebound.
2:03 of 2nd period - Ryan Kesler wins face-off versus Logan Couture in Predators zone.
2:08 of 2nd period - Slapshot by Ryan Mcdonagh.
2:08 of 2nd period - Shot Blocked by Logan Couture.
2:52 of 2nd period - Jeff Schultz is hit by Andy Miele and loses puck.
3:13 of 2nd period - Wrist shot by Wayne Simmonds.
3:13 of 2nd period - Shot Misses the Net.
3:15 of 2nd period - Slapshot by Wayne Simmonds.
3:15 of 2nd period - Stopped by Maxime Daigneault with a rebound.
3:23 of 2nd period - Wrist shot by Robert Nilsson.
3:23 of 2nd period - Stopped by Maxime Daigneault with a rebound.
3:41 of 2nd period - Slapshot by Alexander Edler.
3:41 of 2nd period - Stopped by Tyler Weiman without a rebound.
3:42 of 2nd period - Pierre-Marc Bouchard wins face-off versus Ryan Kesler in Lightning zone.
4:07 of 2nd period - Christian Ehrhoff is hit by John Carlson and loses puck.
4:14 of 2nd period - Slapshot by Wayne Simmonds.
4:14 of 2nd period - Shot Misses the Net.
4:39 of 2nd period - Snap shot by Frans Nielsen.
4:39 of 2nd period - Deflect By Alexander Ovechkin.
4:39 of 2nd period - Goal by Alexander Ovechkin - Lightning : 0 - Predators : 2.
4:40 of 2nd period - Logan Couture wins face-off versus Ryan Kesler in neutral zone.
4:51 of 2nd period - Snap shot by Ryan Kesler.
4:51 of 2nd period - Stopped by Tyler Weiman without a rebound.
4:52 of 2nd period - Robert Nilsson wins face-off versus Frans Nielsen in Lightning zone.
4:54 of 2nd period - Minor Penalty to Robert Nilsson for Interference.
4:55 of 2nd period - Logan Couture wins face-off versus Ryan Kesler in Lightning zone.
5:21 of 2nd period - Sheldon Keefe is hit by Frans Nielsen and loses puck.
6:54 of 2nd period - Penalty to Robert Nilsson is over, Robert Nilsson is back on ice.
7:16 of 2nd period - Icing by John Moore.
7:17 of 2nd period - Pierre-Marc Bouchard wins face-off versus Kris Vernarsky in Predators zone.
7:30 of 2nd period - Wrist shot by David Jones.
7:30 of 2nd period - Shot Misses the Net.
8:15 of 2nd period - Snap shot by Kris Versteeg.
8:15 of 2nd period - Stopped by Maxime Daigneault without a rebound.
8:16 of 2nd period - Robert Nilsson wins face-off versus Frans Nielsen in Predators zone.
8:23 of 2nd period - Wrist shot by Henrik Zetterberg.
8:23 of 2nd period - Shot Misses the Net.
8:43 of 2nd period - Ryan Mcdonagh is hit by Brent Burns and loses puck.
8:54 of 2nd period - Wrist shot by Kris Versteeg.
8:54 of 2nd period - Stopped by Maxime Daigneault with a rebound.
9:22 of 2nd period - Minor Penalty to Daniel Carcillo for Hooking.
9:23 of 2nd period - Ryan Kesler wins face-off versus Logan Couture in Lightning zone.
9:28 of 2nd period - Snap shot by Adam Burish.
9:28 of 2nd period - Shot Blocked by Andy Rogers.
9:30 of 2nd period - Wrist shot by Ryan Kesler.
9:30 of 2nd period - Stopped by Tyler Weiman without a rebound.
9:31 of 2nd period - Sheldon Keefe wins face-off versus Alexander Ovechkin in Lightning zone.
9:42 of 2nd period - Snap shot by Alexander Ovechkin.
9:42 of 2nd period - Shot Misses the Net.
9:58 of 2nd period - Snap shot by Alexander Ovechkin.
9:58 of 2nd period - Stopped by Tyler Weiman with a rebound.
10:00 of 2nd period - Slapshot by Ryan Kesler.
10:00 of 2nd period - Shot Misses the Net.
10:02 of 2nd period - Snap shot by Ryan Mcdonagh.
10:02 of 2nd period - Stopped by Tyler Weiman with a rebound.
10:04 of 2nd period - Snap shot by Adam Burish.
10:04 of 2nd period - Stopped by Tyler Weiman without a rebound.
10:05 of 2nd period - Logan Couture wins face-off versus Frans Nielsen in Lightning zone.
11:22 of 2nd period - Penalty to Daniel Carcillo is over, Daniel Carcillo is back on ice.
11:38 of 2nd period - Off-side.
11:39 of 2nd period - Kris Vernarsky wins face-off versus Pierre-Marc Bouchard in neutral zone.
13:10 of 2nd period - Christian Ehrhoff is hit by Andy Rogers and loses puck.
13:23 of 2nd period - Snap shot by Robert Nilsson.
13:23 of 2nd period - Stopped by Maxime Daigneault without a rebound.
13:24 of 2nd period - Robert Nilsson wins face-off versus Frans Nielsen in Predators zone.
13:27 of 2nd period - Snap shot by Robert Nilsson.
13:27 of 2nd period - Goal by Robert Nilsson - Lightning : 1 - Predators : 2.
13:28 of 2nd period - Robert Nilsson wins face-off versus Frans Nielsen in neutral zone.
14:10 of 2nd period - Slapshot by Alexander Ovechkin.
14:10 of 2nd period - Shot Misses the Net.
15:14 of 2nd period - Snap shot by Darroll Powe.
15:14 of 2nd period - Stopped by Maxime Daigneault without a rebound.
15:15 of 2nd period - Ryan Kesler wins face-off versus Robert Nilsson in Predators zone.
15:15 of 2nd period - Ryan Kesler is hit by Robert Nilsson.
15:23 of 2nd period - Slapshot by Alexander Steen.
15:23 of 2nd period - Stopped by Tyler Weiman with a rebound.
15:25 of 2nd period - Wrist shot by Alexander Steen.
15:25 of 2nd period - Shot Hit the Post.
15:27 of 2nd period - Wrist shot by Alexander Steen.
15:27 of 2nd period - Shot Misses the Net.
15:29 of 2nd period - Snap shot by Barret Jackman.
15:29 of 2nd period - Stopped by Tyler Weiman without a rebound.
15:30 of 2nd period - Frans Nielsen wins face-off versus Logan Couture in Lightning zone.
15:56 of 2nd period - Icing by Brent Burns.
15:57 of 2nd period - Ryan Kesler wins face-off versus Robert Nilsson in Lightning zone.
16:09 of 2nd period - Snap shot by Robert Nilsson.
16:09 of 2nd period - Stopped by Maxime Daigneault with a rebound.
16:19 of 2nd period - Minor Penalty to Adam Burish for Hooking.
16:20 of 2nd period - Robert Nilsson wins face-off versus Alexander Ovechkin in Predators zone.
16:21 of 2nd period - Slapshot by Henrik Zetterberg.
16:21 of 2nd period - Shot Hit the Post.
18:19 of 2nd period - Penalty to Adam Burish is over, Adam Burish is back on ice.
18:34 of 2nd period - Slapshot by Darroll Powe.
18:34 of 2nd period - Shot Misses the Net.
19:19 of 2nd period - Robert Nilsson is hit by Adam Burish.
19:42 of 2nd period - Sheldon Keefe is hit by Frans Nielsen.
Goals for this period are 1 for Lightning vs 1 for Predators.
Shots for this period are 10 for Lightning vs 10 for Predators.
3rd period
0:01 of 3rd period - Frans Nielsen wins face-off versus Robert Nilsson in neutral zone.
0:10 of 3rd period - Ryan Mcdonagh is hit by Wayne Simmonds and loses puck.
0:59 of 3rd period - Slapshot by Eric Nystrom.
0:59 of 3rd period - Deflect By David Jones.
0:59 of 3rd period - Shot Blocked by Andy Rogers.
0:59 of 3rd period - Puck is out of play.
1:00 of 3rd period - Alexander Ovechkin wins face-off versus Robert Nilsson in Lightning zone.
3:03 of 3rd period - Snap shot by Kris Vernarsky.
3:03 of 3rd period - Shot Misses the Net.
3:05 of 3rd period - Slapshot by Kris Vernarsky.
3:05 of 3rd period - Goal by Kris Vernarsky - Lightning : 1 - Predators : 3.
3:06 of 3rd period - Frans Nielsen wins face-off versus Wayne Simmonds in neutral zone.
3:36 of 3rd period - Off-side.
3:37 of 3rd period - Ryan Kesler wins face-off versus Logan Couture in neutral zone.
3:40 of 3rd period - Victor Hedman is hit by Alexander Steen and loses puck.
3:49 of 3rd period - Snap shot by Chris Higgins.
3:49 of 3rd period - Stopped by Maxime Daigneault without a rebound.
3:50 of 3rd period - Robert Nilsson wins face-off versus Michael Grabner in Predators zone.
4:32 of 3rd period - Slapshot by John Carlson.
4:32 of 3rd period - Deflect By Alexander Ovechkin.
4:32 of 3rd period - Stopped by Maxime Daigneault without a rebound.
4:33 of 3rd period - Ryan Kesler wins face-off versus Logan Couture in Predators zone.
4:38 of 3rd period - Snap shot by Adam Burish.
4:38 of 3rd period - Shot Misses the Net.
5:03 of 3rd period - Snap shot by Pierre-Marc Bouchard.
5:03 of 3rd period - Shot Blocked by Kris Vernarsky.
6:01 of 3rd period - Snap shot by Frans Nielsen.
6:01 of 3rd period - Stopped by Tyler Weiman without a rebound.
6:02 of 3rd period - Frans Nielsen wins face-off versus Robert Nilsson in Lightning zone.
6:03 of 3rd period - Wrist shot by Alexander Ovechkin.
6:03 of 3rd period - Goal by Alexander Ovechkin - Lightning : 1 - Predators : 4.
6:04 of 3rd period - Frans Nielsen wins face-off versus Henrik Zetterberg in neutral zone.
6:07 of 3rd period - Wayne Simmonds is hit by Frans Nielsen and loses puck.
6:16 of 3rd period - Wrist shot by Alexander Ovechkin.
6:16 of 3rd period - Shot Misses the Net.
6:18 of 3rd period - Slapshot by Christian Ehrhoff.
6:18 of 3rd period - Stopped by Tyler Weiman with a rebound.
6:19 of 3rd period - Minor Penalty to Frans Nielsen for Hooking.
6:20 of 3rd period - Eric Nystrom wins face-off versus Robert Nilsson in Predators zone.
6:55 of 3rd period - Wrist shot by Chris Higgins.
6:55 of 3rd period - Stopped by Maxime Daigneault with a rebound.
6:57 of 3rd period - Slapshot by Wayne Simmonds.
6:57 of 3rd period - Stopped by Maxime Daigneault with a rebound.
8:19 of 3rd period - Penalty to Frans Nielsen is over, Frans Nielsen is back on ice.
8:20 of 3rd period - Snap shot by Sheldon Keefe.
8:20 of 3rd period - Shot Blocked by Brett Clark.
8:22 of 3rd period - Slapshot by Victor Hedman.
8:22 of 3rd period - Shot Blocked by John Moore.
8:24 of 3rd period - Snap shot by Logan Couture.
8:24 of 3rd period - Shot Blocked by Brett Clark.
8:26 of 3rd period - Wrist shot by Steve Bernier.
8:26 of 3rd period - Shot Misses the Net.
8:28 of 3rd period - Wrist shot by Logan Couture.
8:28 of 3rd period - Stopped by Maxime Daigneault with a rebound.
8:30 of 3rd period - Wrist shot by Steve Bernier.
8:30 of 3rd period - Goal by Steve Bernier - Lightning : 2 - Predators : 4.
8:31 of 3rd period - Kris Versteeg wins face-off versus Ryan Kesler in neutral zone.
8:38 of 3rd period - Snap shot by Logan Couture.
8:38 of 3rd period - Shot Misses the Net.
8:40 of 3rd period - Snap shot by Kris Versteeg.
8:40 of 3rd period - Shot Misses the Net.
8:42 of 3rd period - Wrist shot by Logan Couture.
8:42 of 3rd period - Shot Misses the Net.
8:44 of 3rd period - Snap shot by Logan Couture.
8:44 of 3rd period - Goal by Logan Couture - Lightning : 3 - Predators : 4.
8:45 of 3rd period - Wayne Simmonds wins face-off versus Frans Nielsen in neutral zone.
9:00 of 3rd period - Wrist shot by Frans Nielsen.
9:00 of 3rd period - Shot Blocked by Jeff Schultz.
9:02 of 3rd period - Snap shot by Ryan Mcdonagh.
9:02 of 3rd period - Shot Blocked by Brent Burns.
9:12 of 3rd period - Adam Burish is hit by Logan Couture and loses puck.
9:54 of 3rd period - Wrist shot by Darroll Powe.
9:54 of 3rd period - Shot Misses the Net.
9:56 of 3rd period - Wrist shot by Darroll Powe.
9:56 of 3rd period - Stopped by Maxime Daigneault with a rebound.
9:58 of 3rd period - Slapshot by Sheldon Keefe.
9:58 of 3rd period - Shot Misses the Net.
10:19 of 3rd period - Off-side.
10:20 of 3rd period - Frans Nielsen wins face-off versus Logan Couture in neutral zone.
10:47 of 3rd period - Robert Nilsson is hit by Christian Ehrhoff and loses puck.
10:54 of 3rd period - Wes O'Neill is hit by Alexander Steen and loses puck.
11:21 of 3rd period - Snap shot by Henrik Zetterberg.
11:21 of 3rd period - Deflect By Wayne Simmonds.
11:21 of 3rd period - Shot Blocked by Brett Clark.
11:21 of 3rd period - Puck is out of play.
11:22 of 3rd period - Frans Nielsen wins face-off versus Logan Couture in Predators zone.
11:27 of 3rd period - Snap shot by Kris Versteeg.
11:27 of 3rd period - Stopped by Maxime Daigneault without a rebound.
11:28 of 3rd period - Frans Nielsen wins face-off versus Logan Couture in Predators zone.
11:45 of 3rd period - Jeff Schultz is hit by Alexander Ovechkin and loses puck.
11:58 of 3rd period - Wrist shot by Alexander Ovechkin.
11:58 of 3rd period - Stopped by Tyler Weiman without a rebound.
11:59 of 3rd period - Ryan Kesler wins face-off versus Robert Nilsson in Lightning zone.
12:00 of 3rd period - Wrist shot by Adam Burish.
12:00 of 3rd period - Shot Blocked by John Carlson.
12:30 of 3rd period - Off-side.
12:31 of 3rd period - Logan Couture wins face-off versus Kris Vernarsky in neutral zone.
12:40 of 3rd period - Slapshot by Chris Higgins.
12:40 of 3rd period - Goal by Chris Higgins - Lightning : 4 - Predators : 4.
12:41 of 3rd period - Robert Nilsson wins face-off versus Alexander Ovechkin in neutral zone.
12:52 of 3rd period - Wrist shot by Alexander Ovechkin.
12:52 of 3rd period - Shot Misses the Net.
13:10 of 3rd period - Snap shot by Daniel Carcillo.
13:10 of 3rd period - Stopped by Maxime Daigneault with a rebound.
13:30 of 3rd period - Christian Ehrhoff is hit by Logan Couture and loses puck.
13:37 of 3rd period - Michael Grabner is hit by Logan Couture and loses puck.
13:44 of 3rd period - Wrist shot by Alexander Edler.
13:44 of 3rd period - Shot Misses the Net.
13:46 of 3rd period - Slapshot by John Moore.
13:46 of 3rd period - Shot Blocked by Sheldon Keefe.
13:48 of 3rd period - Slapshot by John Moore.
13:48 of 3rd period - Shot Blocked by Darroll Powe.
13:50 of 3rd period - Wrist shot by Frans Nielsen.
13:50 of 3rd period - Stopped by Tyler Weiman without a rebound.
13:51 of 3rd period - Ryan Kesler wins face-off versus Darroll Powe in Lightning zone.
14:06 of 3rd period - Brett Clark is hit by Jeff Schultz and loses puck.
14:41 of 3rd period - Snap shot by Sheldon Keefe.
14:41 of 3rd period - Shot Misses the Net.
14:49 of 3rd period - Slapshot by Adam Burish.
14:49 of 3rd period - Shot Misses the Net.
14:51 of 3rd period - Slapshot by Barret Jackman.
14:51 of 3rd period - Stopped by Tyler Weiman with a rebound.
14:53 of 3rd period - Wrist shot by Ryan Kesler.
14:53 of 3rd period - Stopped by Tyler Weiman with a rebound.
14:55 of 3rd period - Snap shot by Ryan Kesler.
14:55 of 3rd period - Shot Misses the Net.
14:59 of 3rd period - Snap shot by Alexander Steen.
14:59 of 3rd period - Stopped by Tyler Weiman without a rebound.
15:00 of 3rd period - Robert Nilsson wins face-off versus Kris Vernarsky in Lightning zone.
15:50 of 3rd period - Slapshot by Ryan Mcdonagh.
15:50 of 3rd period - Shot Misses the Net.
15:52 of 3rd period - Snap shot by Michael Grabner.
15:52 of 3rd period - Stopped by Tyler Weiman with a rebound.
15:54 of 3rd period - Snap shot by Michael Grabner.
15:54 of 3rd period - Shot Misses the Net.
15:56 of 3rd period - Wrist shot by Christian Ehrhoff.
15:56 of 3rd period - Deflect By Alexander Ovechkin.
15:56 of 3rd period - Stopped by Tyler Weiman without a rebound.
15:57 of 3rd period - Frans Nielsen wins face-off versus Robert Nilsson in Lightning zone.
16:09 of 3rd period - Icing by Alexander Edler.
16:10 of 3rd period - Frans Nielsen wins face-off versus Pierre-Marc Bouchard in Predators zone.
16:37 of 3rd period - Snap shot by Alexander Edler.
16:37 of 3rd period - Shot Misses the Net.
16:39 of 3rd period - Slapshot by John Moore.
16:39 of 3rd period - Shot Misses the Net.
17:03 of 3rd period - Wrist shot by James Van Riemsdyk.
17:03 of 3rd period - Shot Misses the Net.
17:38 of 3rd period - Alexander Steen is hit by Henrik Zetterberg and loses puck.
17:53 of 3rd period - Minor Penalty to Adam Burish for High sticking.
17:54 of 3rd period - Robert Nilsson wins face-off versus Alexander Ovechkin in Predators zone.
18:03 of 3rd period - Wrist shot by Kris Versteeg.
18:03 of 3rd period - Deflect By Robert Nilsson.
18:03 of 3rd period - Shot Blocked by Brett Clark.
18:03 of 3rd period - Puck is out of play.
18:04 of 3rd period - Alexander Ovechkin wins face-off versus Robert Nilsson in Predators zone.
18:13 of 3rd period - Kris Versteeg is hit by Alexander Ovechkin and loses puck.
18:48 of 3rd period - Wrist shot by Henrik Zetterberg.
18:48 of 3rd period - Shot Misses the Net.
18:50 of 3rd period - Slapshot by Brent Burns.
18:50 of 3rd period - Deflect By Kris Versteeg.
18:50 of 3rd period - Stopped by Maxime Daigneault without a rebound.
18:51 of 3rd period - Eric Nystrom wins face-off versus Pierre-Marc Bouchard in Predators zone.
18:58 of 3rd period - Alexander Ovechkin is hit by Pierre-Marc Bouchard and loses puck.
19:07 of 3rd period - Slapshot by Chris Higgins.
19:07 of 3rd period - Deflect By Pierre-Marc Bouchard.
19:07 of 3rd period - Shot Hit the Post.
19:07 of 3rd period - Puck is out of play.
19:08 of 3rd period - Pierre-Marc Bouchard wins face-off versus Alexander Ovechkin in Predators zone.
19:09 of 3rd period - Snap shot by Chris Higgins.
19:09 of 3rd period - Stopped by Maxime Daigneault without a rebound.
19:10 of 3rd period - Alexander Ovechkin wins face-off versus Pierre-Marc Bouchard in Predators zone.
19:36 of 3rd period - Alexander Ovechkin is hit by Robert Nilsson and loses puck.
19:53 of 3rd period - Penalty to Adam Burish is over, Adam Burish is back on ice.
19:57 of 3rd period - Snap shot by Alexander Edler.
19:57 of 3rd period - Stopped by Tyler Weiman with a rebound.
Goals for this period are 3 for Lightning vs 2 for Predators.
Shots for this period are 13 for Lightning vs 12 for Predators.
Overtime #1
0:01 of 1st overtime period - Adam Burish wins face-off versus Robert Nilsson in neutral zone.
0:12 of 1st overtime period - Slapshot by Jeff Schultz.
0:12 of 1st overtime period - Stopped by Maxime Daigneault without a rebound.
0:13 of 1st overtime period - Robert Nilsson wins face-off versus Ryan Kesler in Predators zone.
0:26 of 1st overtime period - Wrist shot by Kris Versteeg.
0:26 of 1st overtime period - Goal by Kris Versteeg - Lightning : 5 - Predators : 4.
Goals for this period are 1 for Lightning vs 0 for Predators.
Shots for this period are 2 for Lightning vs 0 for Predators.
Back to the Top